 Dungeon Crawl Stone Soup version 0.31-a0-222-gefeffbb62a (webtiles) character file.

Game seed: 758717378314805343

1738671 ragingrage the Merry Kobold (level 27, 176/176 HPs)
             Began as a Kobold Hunter on July 5, 2023.
             Was the Champion of Hepliaklqana.
             Escaped with the Orb
             ... and 3 runes!
             The game lasted 01:22:03 (64248 turns).

ragingrage the Merry Kobold (Kobold Hunter)        Turns: 64248, Time: 01:22:03

Health: 176/176    AC: 23    Str:  9    XL:     27
Magic:  31/31      EV: 55    Int: 12    God:    Hepliaklqana [******]
Gold:   5719       SH: 13    Dex: 37    Spells: 13/34 levels left

rFire   + . .        a - +7 hand crossbow of Focus {penet, Dex+7 SInv}
rCold   + . .        e - +3 buckler {AC+3}
rNeg    + . .        B - +2 robe {rC+ rF+}
rPois   +            i - +2 helmet {SInv}
rElec   +            D - +2 cloak
rCorr   .            w - +2 pair of gloves {infuse}
SInv    +            q - +2 pair of boots {Fly}
Will    +++..        T - amulet of regeneration
Stlth   +++          S - ring of Zuni {rElec rPois rN+ Will+}
HPRegen 1.29/turn    v - +4 ring of protection
MPRegen 0.22/turn

%: infuse magic (1 MP)
@: flying, studying Long Blades
A: reduced essence, small, no large weapons, nightstalker 3, deformed body,
sense surroundings 1, screaming 1, devolution 1
0: Orb of Zot
}: 3/15 runes: barnacled, silver, gossamer
a: Renounce Religion, Recall Ancestor, Ancestor Identity, Transference, Idealise


You escaped.
You worshipped Hepliaklqana.
Hepliaklqana was exalted by your worship.
You visited 9 branches of the dungeon, and saw 47 of its levels.
You also visited: Volcano and Wizlab.

You collected 8345 gold pieces.
You spent 2626 gold pieces at shops.

Inventory:

Hand Weapons
 a - the +7 hand crossbow of Focus (weapon) {penet, Dex+7 SInv}
   (You found it on level 2 of the Lair of Beasts)

   Dex:       It affects your dexterity (+7).
   SInv:      It lets you see invisible.
 b - a +1 dagger of draining
Missiles
 F - 7 throwing nets
 W - 16 curare-tipped darts
Armour
 e - a +3 buckler of protection (worn)
 i - a +2 helmet of see invisible (worn)
 q - a +2 pair of boots of flying (worn)
 w - a +2 pair of gloves of infusion (worn)
 B - a +2 robe of resistance (worn)
 D - a +2 cloak (worn)
 J - the +0 pair of gloves "Ydoxkepn" {rC+ Int+2 Slay+2}
   (You found it on level 3 of the Vaults)

   Int:       It affects your intelligence (+2).
   Slay:      It affects your accuracy & damage with ranged weapons and melee
   (+2).
   rC:        It protects you from cold.
Jewellery
 l - a ring of protection from fire
 v - a +4 ring of protection (right hand)
 y - the ring of Ceoh {rC+ Int+3 Dex+4}
   (You found it on level 5 of the Vaults)

   [ring of protection from cold]

   Int:       It affects your intelligence (+3).
   Dex:       It affects your dexterity (+4).
   rC:        It protects you from cold.
 S - the ring of Zuni (left hand) {rElec rPois rN+ Will+}
   (You found it on level 5 of the Lair of Beasts)

   [ring of willpower]

   rElec:     It insulates you from electricity.
   rPois:     It protects you from poison.
   rN:        It protects you from negative energy.
   Will:      It increases your willpower.
 T - an amulet of regeneration (around neck)
Wands
 s - a wand of mindburst (33)
 z - a wand of acid (12)
 E - a wand of iceblast (60)
 V - a wand of digging (22)
 Z - a wand of paralysis (39)
Scrolls
 c - 8 scrolls of torment
 d - 5 scrolls of blinking
 f - 7 scrolls of silence
 g - 9 scrolls of vulnerability
 m - 8 scrolls of fear
 t - 9 scrolls of poison
 x - 27 scrolls of teleportation
 K - 10 scrolls of immolation
 L - 8 scrolls of fog
 O - 2 scrolls of enchant armour
 U - 4 scrolls of revelation
Potions
 j - 6 potions of cancellation
 k - 10 potions of brilliance
 o - 9 potions of lignification
 p - 14 potions of attraction
 r - 21 potions of curing
 u - 11 potions of might
 A - 4 potions of mutation
 G - 6 potions of enlightenment
 I - 6 potions of magic
 M - 3 potions of invisibility
 P - 8 potions of ambrosia
 Q - 8 potions of heal wounds
 R - 2 potions of berserk rage
 X - 2 potions of haste
 Y - 3 potions of resistance
Miscellaneous
 h - a lightning rod (4/4)
 n - a sack of spiders
 C - a tin of tremorstones (2/2)
 H - a phantom mirror
 N - a phial of floods


   Skills:
 - Level 26.0 Fighting
 - Level 10.0 Short Blades
 O Level 27 Ranged Weapons
 - Level 5.5 Armour
 + Level 25.6 Dodging
 - Level 19.0 Stealth
 - Level 13.1 Shields
 - Level 4.0 Spellcasting
 - Level 10.0 Conjurations
 - Level 5.0 Hexes
 - Level 5.0 Translocations
 - Level 12.0 Transmutations
 - Level 8.0 Ice Magic
 - Level 5.0 Earth Magic
 - Level 11.0 Invocations
 - Level 18.0 Evocations


You had 13 spell levels left.
You knew the following spells:

 Your Spells              Type           Power      Damage    Failure   Level
a - Wereblood             Tmut           31%        N/A       1%          2
b - Ozocubu's Armour      Ice            21%        N/A       3%          3
c - Irradiate             Conj/Tmut      14%        3d16      9%          5
d - Portal Projectile     Hex/Tloc       28%        N/A       11%         3
e - Death Channel         Necr           1%         N/A       100%        6
f - Passwall              Tmut/Erth      18%        N/A       1%          2

Your spell library contained the following spells:

 Spells                   Type           Power      Damage    Failure   Level
 Momentum Strike          Conj/Tloc      40%        3d9       1%          2
 Hailstorm                Conj/Ice       24%        3d7       1%          3
 Foxfire                  Conj/Fire      56%        2x1d6     3%          1
 Kiss of Death            Conj/Necr      56%        2d9       3%          1
 Shock                    Conj/Air       56%        1d6       3%          1
 Slow                     Hex            56%        N/A       3%          1
 Dazzling Flash           Conj/Hex       40%        N/A       3%          3
 Frozen Ramparts          Ice            42%        1d7       3%          3
 Stone Arrow              Conj/Erth      40%        3d9       3%          3
 Ice Form                 Ice/Tmut       26%        N/A       4%          4
 Lesser Beckoning         Tloc           28%        N/A       5%          2
 Blade Hands              Tmut           15%        N/A       5%          5
 Petrify                  Tmut/Erth      22%        N/A       9%          4
 Confusing Touch          Hex            14%        N/A       11%         3
 Gell's Gravitas          Tloc           14%        N/A       11%         3
 Teleport Other           Tloc           14%        N/A       11%         3
 Fulminant Prism          Conj/Hex       10%        3d9       12%         4
 Iskenderun's Mystic Bla  Conj/Tloc      20%        2d6       12%         4
 Yara's Violent Unravell  Hex/Tmut       11%        3d6       22%         5
 Necrotise                Necr           8%         1d4       26%         1
 Inner Flame              Hex/Fire       8%         N/A       28%         3
 Summon Guardian Golem    Hex/Summ       8%         N/A       28%         3
 Vhi's Electric Charge    Tloc/Air       16%        N/A       28%         3
 Volatile Blastmotes      Fire/Tloc      16%        2d11      28%         3
 Cause Fear               Hex            7%         N/A       34%         4
 Flame Wave               Conj/Fire      14%        2d6       34%         4
 Leda's Liquefaction      Hex/Erth       7%         N/A       34%         4
 Passage of Golubria      Tloc           14%        N/A       34%         4
 Cigotuvi's Dreadful Rot  Necr/Pois/Air  4%         N/A       38%         2
 Scorch                   Fire           4%         2d5       38%         2
 Sublimation of Blood     Necr           2%         N/A       38%         2
 Summon Ice Beast         Ice/Summ       12%        N/A       45%         4
 Alistair's Intoxication  Tmut/Pois      10%        N/A       54%         5
 Call Canine Familiar     Summ           2%         N/A       63%         3
 Swiftness                Air            2%         N/A       63%         3
 Vampiric Draining        Necr           2%         2d6       63%         3
 Anguish                  Hex/Necr       4%         N/A       67%         4
 Animate Armour           Summ/Erth      16%        N/A       67%         4
 Arcjolt                  Conj/Air       7%         1d17      67%         5
 Fireball                 Conj/Fire      7%         3d5       67%         5
 Lee's Rapid Deconstruct  Erth           7%         3d6*      67%         5
 Airstrike                Air            1%         2d(1-17)  95%         4
 Dispel Undead            Necr           2%         3d7       95%         4
 Summon Lightning Spire   Summ/Air       2%         N/A       95%         4
 Borgnjor's Vile Clutch   Necr/Erth      4%         N/A       95%         5
 Silence                  Hex/Air        4%         N/A       95%         5
 Summon Mana Viper        Hex/Summ       8%         N/A       95%         5
 Eringya's Noxious Bog    Tmut/Pois      8%         N/A       98%         6
 Orb of Destruction       Conj           13%        9d7       98%         7
 Dispersal                Tloc           7%         N/A       99%         6
 Starburst                Conj/Fire      7%         6d4       99%         6
 Agony                    Necr           2%         N/A       100%        5
 Plasma Beam              Fire/Air       1%         2x1d11    100%        6
 Simulacrum               Ice/Necr       6%         N/A       100%        6
 Summon Cactus Giant      Summ           1%         N/A       100%        6
 Enfeeble                 Hex            7%         N/A       100%        7
 Malign Gateway           Summ/Tloc      4%         N/A       100%        7
 Monstrous Menagerie      Summ           1%         N/A       100%        7
 Ozocubu's Refrigeration  Ice            10%        4d9       100%        7
 Spellforged Servitor     Conj/Summ      7%         N/A       100%        7
 Storm Form               Tmut/Air       8%         N/A       100%        7
 Summon Hydra             Summ           1%         N/A       100%        7
 Borgnjor's Revivificati  Necr           1%         N/A       100%        8
 Lehudib's Crystal Spear  Conj/Erth      10%        10d4      100%        8
 Maxwell's Capacitive Co  Air            1%         ∞         100%        8
 Necromutation            Tmut/Necr      8%         N/A       100%        8
 Chain Lightning          Conj/Air       7%         3d9       100%        9
 Death's Door             Necr           1%         N/A       100%        9
 Fire Storm               Conj/Fire      7%         8d2       100%        9
 Shatter                  Erth           7%         3d9*      100%        9


Dungeon Overview and Level Annotations

Branches:
Dungeon (15/15)            Temple (0/1) D:4            Lair (5/5) D:10
 Shoals (4/4) Lair:3       Spider (4/4) Lair:2        Slime (0/5) Lair:5
    Orc (2/2) D:10            Elf (3/3) Orc:2        Vaults (5/5) D:13
  Crypt (0/3) Vaults:3     Depths (4/4) D:15            Zot (5/5) Depths:4
Volcano (visited)          WizLab (visited)

Altars:
Cheibriados
Fedhas
Hepliaklqana
Kikubaaqudgha
Makhleb
Nemelex Xobeh
Qazlal
Ru
Sif Muna
Trog
Uskayaw
Vehumet
Yredelemnul
Zin
Jiyva
Lugonu

Shops:
D:3 [   D:7 [(   Orc:2 =?=[   Elf:1 (   Elf:2 *   Elf:3 :   Shoals:1 (
Shoals:3 *   Shoals:4 !   Vaults:3 [   Vaults:4 *

Portals:
Hell: Depths:1 Depths:2 Depths:3 Depths:4
Abyss: Lair:5 Depths:3
Pandemonium: Depths:1 Depths:2
Ziggurat: Depths:1

Annotations:
D:9 5 runed translucent doors
Shoals:2 2 transporters
Elf:1 3 runed translucent doors, knightboat's ghost, journeyman NaVM
Elf:2 5 runed translucent doors
Depths:2 4 transporters
Depths:4 6 runed translucent doors


Innate Abilities, Weirdness & Mutations

Your life essence is reduced to manifest your ancestor. (-10% HP)
You are small and have problems with some larger weapons.
You are completely attuned to the shadows.
Armour fits poorly on your strangely shaped body.
You passively map a small area around you.
You occasionally shout uncontrollably at your foes.
You have hidden genetic defects.


Message History

Nhalahla hits the sixfirhy with a +0 broad axe of speed.
Nhalahla blocks the sixfirhy's attack.
The Orb Guardian hits Nhalahla.
Nhalahla blocks the sixfirhy's attack.
You shoot a bolt. Nhalahla avoids your attack.
The bolt misses the Orb Guardian.
The sixfirhy hits Nhalahla but does no damage.
The sixfirhy hits Nhalahla!
The sixfirhy shocks Nhalahla!
Nhalahla misses the sixfirhy.
Nhalahla closely misses the Orb Guardian.
The Orb Guardian hits Nhalahla!!
Nhalahla barely misses the Orb Guardian.
Nhalahla completely misses the sixfirhy.
The Orb Guardian hits Nhalahla.
You shoot a bolt. Nhalahla avoids your attack.
The bolt pierces through the Orb Guardian!!!
You kill the Orb Guardian!
Nhalahla hits the sixfirhy with a +0 broad axe of speed! x2
You shoot a bolt. Nhalahla avoids your attack.
The bolt pierces through the sixfirhy!
You kill the sixfirhy!
No target in view!
(D) Dungeon (T) Temple (L) Lair (A) Shoals (N) Spider Nest (M) Slime Pits (O) Orcish Mines (E) Elven Halls (V) Vaults (C) Crypt (U) Depths (H) Hell (Z) Zot
Where to? (Enter - D:1 @ (x,y), ? - help)
There is a stone staircase leading up here.
You fly upwards.
There is a stone staircase leading down, spattered with blood here.
Things that are here:
a +0 scale mail; a +0 short sword You hear a grinding noise.
You hear a grinding noise.
There is a stone staircase leading up here.
You fly upwards.
There is a stone staircase leading down here.
You see here a +0 dagger.
Nhalahla is no longer moving quickly.
There is a staircase leading out of the dungeon here.
You have escaped!

#########......##......
#.........#...###......
#.........##...##......
#..............##......
#...♣......#...##......
#....8.....#.#######.##
#....................#
#..........##..#...####
###....R@....##..#.#.....
#....................###.
#.#####...#####..)...# #.
#########.#####.#.......####.###.
.............##.######### ##....
#...)..##.##.##.# ##.##
#...##.##.......# #...#
....##.##.##.##.### #...#
.>.###.##.##.##...## #...#


You could see the friendly Nhalahla the knight (reflecting).

Vanquished Creatures
  3 dread liches
  3 ancient liches
  8 orbs of fire
  2 Killer Klowns (Zot:5)
  Boris (Vaults:3)
  Parghit (Zot:1)
  Frederick (Depths:4)
  Bai Suzhen (Vaults:2)
  Margery (Vaults:4)
  A shard shrike (shapeshifter) (Depths:3)
  Saint Roka (Depths:1)
  A caustic shrike (shapeshifter) (Depths:3)
  12 golden dragons
  A profane servitor (D:6)
  Nikola (Vaults:1)
  Arachne (Spider:2)
  A Tzitzimitl (D:15)
  8 tentacled monstrosities
  2 electric golems
  Jorgrun (D:12)
  2 deep elf master archers (Elf:3)
  3 liches
  14 Orb Guardians
  A walking divine tome (Depths:2)
  2 deep elf blademasters (Elf:3)
  3 acid blobs (Zot:4)
  A titan (Vaults:4)
  A walking frostbound tome (Depths:4)
  2 quicksilver dragons
  4 sphinxes
  3 tengu reavers
  6 death cobs
  5 shadow dragons
  Kirke (Elf:1)
  5 storm dragons
  Donald (Vaults:1)
  2 storm dragons (shapeshifter) (Depths:3)
  5 draconian knights
  7 frost giants
  A draconian monk (Zot:3)
  A spectral juggernaut (Depths:1)
  9 fire giants
  4 draconian scorchers
  Louise (Spider:2)
  2 balrugs
  A curse skull (Vaults:3)
  A juggernaut zombie (Depths:2)
  4 draconian stormcallers
  6 deep elf elementalists (Elf:3)
  3 ghost moths
  19 vault wardens
  An orc warlord (Orc:2)
  4 emperor scorpions (Spider:4)
  5 deep elf sorcerers
  6 draconian shifters
  18 ironbound preservers
  5 war gargoyles
  A cacodemon (D:3)
  8 stone giants
  4 draconian annihilators
  15 very ugly things
  12 ironbound thunderhulks
  A vampire knight (Depths:1)
  A broodmother (Spider:3)
  7 black draconians
  5 deep elf demonologists
  9 green draconians
  7 purple draconians
  3 spark wasps
  9 dire elephants
  13 deep elf annihilators
  2 lorocyprocas
  8 red draconians
  7 white draconians
  9 yellow draconians
  A green death (D:13)
  6 deep elf death magi
  4 fire dragons
  A merfolk javelineer (Shoals:4)
  A blizzard demon (Depths:4)
  4 deep elf high priests
  3 merfolk impalers
  10 ettins
  4 great orbs of eyes
  6 entropy weavers
  2 crystal guardians (WizLab)
  An entropy weaver (shapeshifter) (D:15)
  4 hydras
  4 rakshasas
  6 yaktaur captains
  Erolcha (Orc:2)
  27 vault guards
  Harold (Lair:2)
  4 peacekeepers
  5 ice dragons
  7 spriggan air magi
  A juggernaut simulacrum (Depths:3)
  2 salamander tyrants (WizLab)
  2 ogre magi
  Fannar (D:11)
  Erica (D:9)
  9 ironbound frosthearts
  2 alligator snapping turtles
  2 boulder beetles
  2 merfolk aquamancers
  3 merfolk avatars
  11 centaur warriors
  3 tengu warriors
  A catoblepas (Lair:1)
  11 dancing weapons
  2 jorogumos
  A satyr (Shoals:2)
  5 deep troll earth magi
  6 radroaches
  9 two-headed ogres
  4 deep troll shamans
  A death scarab (Spider:2)
  8 death yaks
  A vampire mage (Depths:1)
  2 thrashing horrors (Lair:5)
  4 demonic crawlers
  A spriggan berserker (Depths:4)
  15 hell knights
  Nergalle (Orc:2)
  5 soul eaters
  6 sun demons
  10 deep elf knights
  A shadow wraith (Vaults:4)
  2 spriggans (Depths:4)
  3 skysharks
  4 iron trolls
  A titan skeleton (Depths:2)
  3 sixfirhies
  3 pharaoh ants
  A golden dragon zombie (Depths:2)
  7 sea snakes
  2 skeletal warriors (D:13)
  9 deep elf archers
  34 deep trolls
  2 phantasmal warriors (Vaults:5)
  6 lindwurms
  An obsidian statue (Zot:5)
  2 glowing orange brains
  5 orb spiders
  25 harpies
  21 ironbound convokers
  A shadow dragon zombie (Vaults:4)
  7 steelbarb worms
  22 deep elf zephyrmancers
  2 orc knights
  7 wizards
  26 deep elf pyromancers
  A sphinx skeleton (Vaults:3)
  14 wolf spiders
  7 cyclopes
  9 necromancers
  A shadow dragon skeleton (Vaults:4)
  8 orc sorcerers
  An oklob plant (D:12)
  9 fauns
  35 ugly things
  A large abomination (Lair:5)
  A cyclops (shapeshifter) (Depths:2)
  2 salamanders (WizLab)
  12 manticores
  6 elephants (Lair:4)
  10 merfolk sirens
  21 moths of wrath
  2 rust devils (Depths:2)
  2 black mambas
  A black mamba (shapeshifter) (Elf:2)
  4 water nymphs (Shoals:4)
  13 vault sentinels
  An orange demon (D:13)
  6 gargoyles (WizLab)
  3 torpor snails
  3 smoke demons
  5 cane toads
  A molten gargoyle (WizLab)
  2 human zombies (Vaults:4)
  An unseen horror (D:10)
  4 kobold demonologists (D:13)
  A freezing wraith (D:15)
  8 komodo dragons
  2 hellions (Depths:1)
  An ice devil (Zot:4)
  27 yaktaurs
  4 tengu conjurers
  A tormentor (D:4)
  A komodo dragon (shapeshifter) (Elf:1)
  18 merfolk
  9 trolls
  2 red devils
  2 ancient zymes (Lair:5)
  A meliai (shapeshifter) (D:14)
  10 wind drakes
  2 meliai (Spider:2)
  A polar bear (shapeshifter) (D:13)
  A polar bear (Lair:4)
  A shadow dragon simulacrum (Vaults:4)
  36 blink frogs
  14 tarantellas
  Grinder (D:3)
  A blink frog (shapeshifter) (D:13)
  7 dream sheep
  An iron dragon simulacrum (Vaults:4)
  3 hornets
  6 snapping turtles
  15 slime creatures
  14 flying skulls (D:13)
  2 wraiths
  20 culicivoras
  29 jumping spiders
  A centaur simulacrum (D:14)
  2 ynoxinuls
  2 shadows (D:10)
  A spriggan (shapeshifter) (Vaults:4)
  10 water elementals
  An air elemental (Elf:3)
  7 basilisks
  3 vampires
  3 fire elementals
  31 yaks
  5 wyverns
  A yak (shapeshifter) (Lair:5)
  Eustachio (D:4)
  2 chaos spawn
  A human (shapeshifter) (Lair:5)
  Grum (D:8)
  6 vampire mosquitoes
  A hog (Elf:1)
  A steam dragon (D:8)
  53 redbacks
  A glowing shapeshifter zombie (Vaults:3)
  An acid dragon (D:11)
  6 wargs
  A hell hound (Volcano)
  12 water moccasins
  20 orc warriors
  An ice beast (D:6)
  9 wolves
  5 ogres
  7 small abominations (Lair:5)
  2 centaurs
  2 bullfrogs
  3 gnoll sergeants
  An earth elemental (WizLab)
  6 scorpions
  7 wights
  9 killer bees
  An oklob sapling (D:12)
  7 howler monkeys
  2 electric eels
  11 orc priests
  A gnoll bouda (D:9)
  7 hounds
  15 jellies (Zot:4)
  Natasha (thrice) (D:2)
  13 iguanas
  36 orc wizards
  4 hell rats (Lair:4)
  2 lightning spires (WizLab)
  5 ogre zombies (D:10)
  10 gnolls
  11 adders
  A river rat (shapeshifter) (Depths:3)
  A shadow imp (D:6)
  A white imp (D:6)
  2 ufetubi (D:7)
  5 worms
  4 dart slugs
  78 orcs
  4 endoplasms
  3 giant cockroaches
  9 goblins
  10 hobgoblins
  11 jackals
  7 kobolds
  4 quokkas
  18 ball pythons
  7 bats
  15 frilled lizards
  A goblin skeleton (D:10)
  5 goblin zombies (D:10)
  An orc skeleton (D:10)
  8 orc zombies (D:10)
  5 rats
1743 creatures vanquished.

Vanquished Creatures (collateral kills)
  An orb of fire (Zot:5)
  A Killer Klown (Zot:5)
  3 golden dragons
  A caustic shrike (Zot:5)
  An electric golem (Zot:2)
  3 tentacled monstrosities
  Zenata (Elf:1)
  13 Orb Guardians (Zot:5)
  A quicksilver dragon (Zot:2)
  A deep elf blademaster (Depths:3)
  2 titans (Vaults:5)
  A death cob (Zot:2)
  A kraken (Shoals:4)
  2 acid blobs (Zot:4)
  4 sphinxes
  5 shadow dragons
  4 tengu reavers
  An azure jelly (shapeshifter) (Depths:3)
  5 draconian monks
  6 storm dragons
  An iron dragon (shapeshifter) (Depths:3)
  2 iron dragons
  5 fire giants
  A draconian knight (Zot:4)
  A draconian scorcher (Zot:2)
  Aizul (Vaults:2)
  A deep elf sorcerer (Elf:3)
  A deep elf elementalist (Elf:3)
  3 draconian shifters
  5 emperor scorpions
  5 ghost moths
  An orc warlord (Vaults:4)
  3 draconian stormcallers
  9 vault wardens
  4 draconian annihilators
  6 ironbound preservers
  A formless jellyfish (Vaults:2)
  5 stone giants
  12 very ugly things
  3 war gargoyles
  A lorocyproca (D:8)
  3 green draconians
  4 purple draconians
  5 white draconians
  10 yellow draconians
  4 red draconians
  3 black draconians
  A spark wasp (Depths:3)
  3 dire elephants
  2 deep elf annihilators
  A crystal guardian (WizLab)
  A green death (D:13)
  A deep elf death mage (Elf:1)
  4 ettins
  A blizzard demon (Depths:2)
  A merfolk impaler (Shoals:1)
  7 yaktaur captains
  A quicksilver dragon zombie (Vaults:4)
  2 entropy weavers
  13 vault guards
  A salamander tyrant (WizLab)
  2 ice dragons
  A jorogumo (shapeshifter) (Depths:3)
  2 ironbound frosthearts
  A hell beast (Depths:1)
  2 two-headed ogres
  6 hydras
  A spriggan air mage (Depths:3)
  2 peacekeepers (WizLab)
  A radroach (Spider:3)
  A centaur warrior (Vaults:2)
  A satyr (Shoals:4)
  3 ogre magi
  A merfolk aquamancer (Shoals:4)
  3 boulder beetles
  A catoblepas (D:15)
  A tengu warrior (Depths:4)
  2 hell hogs (Depths:1)
  2 demonic crawlers
  A death yak (Lair:1)
  A deep troll earth mage (Depths:3)
  A vampire mage (Vaults:3)
  4 dancing weapons
  A hell knight (Depths:4)
  A thrashing horror (Lair:5)
  A satyr (shapeshifter) (Depths:3)
  2 soul eaters
  A sun demon (Zot:4)
  8 deep elf knights
  A skyshark (Lair:3)
  An iron troll (Depths:2)
  2 pharaoh ants
  4 sea snakes
  An orb spider (Spider:4)
  4 deep elf archers
  A flayed ghost (Depths:1)
  7 deep trolls
  A phantasmal warrior (Vaults:3)
  2 wizards
  6 ironbound convokers
  A lindwurm (Vaults:1)
  9 harpies
  14 deep elf pyromancers
  A steelbarb worm (Spider:2)
  4 deep elf zephyrmancers
  7 wolf spiders
  14 ugly things
  An orc knight (Vaults:4)
  2 orc sorcerers (Orc:2)
  A cyclops (D:11)
  4 salamanders
  4 fauns
  3 manticores
  3 moths of wrath
  3 merfolk sirens
  Maurice (D:9)
  2 smoke demons (Depths:1)
  5 vault sentinels
  2 torpor snails (shapeshifter)
  2 black mambas
  An orange demon (Depths:2)
  A kobold demonologist (D:13)
  3 gargoyles
  A cane toad (Lair:2)
  4 yaktaurs
  A tengu conjurer (Depths:2)
  3 komodo dragons
  A rime drake (Lair:2)
  A polar bear (Lair:2)
  A hellwing (D:13)
  4 merfolk
  A meliai (Spider:2)
  2 wind drakes
  A troll (Orc:2)
  A tarantella (shapeshifter) (Depths:4)
  A hornet (D:12)
  3 tarantellas
  2 dream sheep (Lair:5)
  2 human simulacra
  4 blink frogs
  A snapping turtle (Shoals:2)
  6 jumping spiders
  5 slime creatures
  An air elemental (Elf:1)
  6 culicivoras
  3 flying skulls (D:13)
  5 water elementals
  11 yaks
  A wyvern (D:10)
  A basilisk (Lair:4)
  2 hogs (Elf:1)
  A neqoxec (D:13)
  35 redbacks
  3 vampire mosquitoes
  3 wargs
  4 water moccasins
  9 orc warriors
  An ogre (Orc:2)
  2 wolves (D:8)
  An ogre (shapeshifter) (Depths:3)
  2 centaurs
  A phantom (D:10)
  6 bullfrogs
  A scorpion (D:7)
  A wight (D:9)
  A human skeleton (Vaults:4)
  A troll zombie (D:10)
  3 electric eels
  A howler monkey (D:9)
  A jelly (Zot:4)
  5 orc priests
  A sleepcap (D:7)
  4 iguanas (Lair:2)
  4 orc wizards
  2 small abominations (Lair:5)
  A gnoll (D:10)
  An adder (D:6)
  An ufetubus (D:6)
  16 orcs
  5 frilled lizards (Lair:2)
  2 goblin zombies (D:10)
  2 orc zombies (D:10)
564 creatures vanquished.

Vanquished Creatures (others)
  2 stone giants
  2 yaktaur captains
  A centaur warrior (Vaults:1)
  A boulder beetle (Vaults:2)
  A vampire mage (Vaults:3)
  A deep elf knight (Elf:1)
  2 deep elf archers
  An ugly thing (Vaults:1)
  A vault sentinel (Vaults:4)
  4 yaktaurs
  34 knights
  2 ancestors (D:7)
  4 tentacles (Shoals:4)
56 creatures vanquished.

Grand Total: 2363 creatures vanquished

Notes
Turn   | Place    | Note
-------+----------+-------------------------------------------
     0 | D:1      | ragingrage the Kobold Hunter began the quest for the Orb.
     0 | D:1      | Reached XP level 1. HP: 12/12 MP: 1/1
   106 | D:1      | Reached XP level 2. HP: 17/17 MP: 2/2
   372 | D:1      | Reached XP level 3. HP: 21/21 MP: 3/3
   539 | D:1      | Reached skill level 6 in Ranged Weapons
   775 | D:2      | Reached XP level 4. HP: 26/26 MP: 4/4
  1064 | D:2      | Noticed Natasha
  1210 | D:2      | Reached skill level 7 in Ranged Weapons
  1210 | D:2      | Reached XP level 5. HP: 25/30 MP: 5/5
  1959 | D:3      | Noticed Grinder
  2475 | D:3      | Found Apei's Antique Armour Emporium.
  2714 | D:3      | Reached skill level 8 in Ranged Weapons
  2841 | D:3      | Reached XP level 6. HP: 23/35 MP: 6/6
  2900 | D:4      | Found a burning altar of Makhleb.
  2915 | D:4      | Found a stormy altar of Qazlal.
  2961 | D:4      | Found a sparkling altar of Nemelex Xobeh.
  2962 | D:4      | Found a glowing silver altar of Zin.
  2962 | D:4      | Found a hazy altar of Hepliaklqana.
  2963 | D:4      | Found a sacrificial altar of Ru.
  2967 | D:4      | Became a worshipper of Hepliaklqana the Forgotten
  3006 | D:4      | Reached skill level 9 in Ranged Weapons
  3147 | D:4      | Found a staircase to the Ecumenical Temple.
  3478 | D:4      | Noticed Eustachio
  3493 | D:4      | Reached skill level 1 in Short Blades
  3495 | D:4      | Reached XP level 7. HP: 25/40 MP: 7/7
  3583 | D:4      | Killed Eustachio
  3857 | D:4      | Reached skill level 5 in Short Blades
  4182 | D:5      | Entered Level 5 of the Dungeon
  4188 | D:5      | Reached XP level 8. HP: 45/45 MP: 8/8
  4512 | D:5      | Reached skill level 5 in Stealth
  4810 | D:5      | Found a bloodstained altar of Trog.
  4912 | D:6      | Reached skill level 10 in Ranged Weapons
  5091 | D:6      | Reached * piety under Hepliaklqana
  5246 | D:6      | Reached skill level 11 in Ranged Weapons
  5661 | D:6      | Found a snail-covered altar of Cheibriados.
  5728 | D:7      | Reached XP level 9. HP: 22/45 MP: 9/9
  6078 | D:7      | Noticed a two-headed ogre
  6200 | D:7      | Reached skill level 12 in Ranged Weapons
  6571 | D:7      | Found Meig's Antique Armour Boutique.
  6574 | D:7      | Bought a dazzling leather armour for 175 gold pieces
  6574 | D:7      | Identified the +1 leather armour of Padat {Fly rElec Int+4
                  | Dex-5} (You bought it in a shop on level 7 of the Dungeon)
  6596 | D:7      | Reached ** piety under Hepliaklqana
  6602 | D:7      | Reached skill level 13 in Ranged Weapons
  6602 | D:7      | Remembered your ancestor Nhalahla as a knight
  6607 | D:7      | Found Zacwaver's Antique Weapon Shop.
  6734 | D:7      | Found a basalt altar of Yredelemnul.
  6734 | D:7      | Found a blossoming altar of Fedhas.
  6757 | D:7      | Found Limmufufu's Antique Armour Emporium.
  6975 | D:7      | Killed a two-headed ogre
  6976 | D:7      | Reached skill level 14 in Ranged Weapons
  7204 | D:8      | Reached skill level 15 in Ranged Weapons
  7204 | D:8      | Reached XP level 10. HP: 50/50 MP: 10/10
  7353 | D:8      | Reached skill level 16 in Ranged Weapons
  7880 | D:8      | Reached skill level 17 in Ranged Weapons
  8042 | D:8      | Noticed Grum
  8055 | D:8      | Killed Grum
  8493 | D:9      | Reached skill level 18 in Ranged Weapons
  8550 | D:9      | Noticed Maurice
  8557 | D:9      | Killed Maurice
  8558 | D:9      | Reached skill level 1 in Invocations
  8577 | D:9      | Found a radiant altar of Vehumet.
  8589 | D:9      | Found an ancient bone altar of Kikubaaqudgha.
  8593 | D:9      | Got Kikubaaqudgha's Parchment of Darkness
  8596 | D:9      | Found a shimmering blue altar of Sif Muna.
  8655 | D:9      | Reached XP level 11. HP: 54/54 MP: 10/12
  8679 | D:9      | Reached *** piety under Hepliaklqana
  8814 | D:7      | Bought a pair of embroidered gloves for 187 gold pieces
  8905 | D:9      | Reached skill level 5 in Dodging
  8939 | D:9      | Found the +9 staff of Olgreb {rPois∞}
  8950 | D:9      | Noticed a wolf spider
  8951 | D:9      | Noticed a wolf spider
  8952 | D:9      | Found a runed translucent door.
  8964 | D:9      | Found a runed translucent gate.
  8966 | D:9      | Found a runed translucent gate.
  8966 | D:9      | Found a runed translucent gate.
  9133 | D:9      | Noticed Erica
  9137 | D:9      | Killed Erica
  9138 | D:9      | Reached skill level 5 in Fighting
  9485 | D:9      | Found a runed translucent door.
  9610 | D:9      | Identified the +9 short sword "Plog" {heavy, rN++ Int+4}
  9786 | D:9      | Noticed a wolf spider
  9820 | D:10     | Entered Level 10 of the Dungeon
  9847 | D:10     | Noticed a two-headed ogre
  9858 | D:10     | Killed a two-headed ogre
  9892 | D:9      | Reached skill level 5 in Invocations
  9989 | D:10     | You fall into a shaft and drop 3 floors!
 10155 | D:13     | Noticed a centaur warrior
 10158 | D:13     | Killed a centaur warrior
 10185 | D:13     | Noticed a skeletal warrior
 10187 | D:13     | Noticed a cyclops
 10187 | D:13     | Found the +3 giant club "Skullcrusher" {speed, Str+7}
 10215 | D:13     | Reached XP level 12. HP: 63/63 MP: 16/16
 10357 | D:12     | Noticed Jorgrun
 10382 | D:12     | Killed Jorgrun
 10663 | D:11     | Noticed a two-headed ogre
 10670 | D:11     | Killed a two-headed ogre
 11003 | D:10     | Reached **** piety under Hepliaklqana
 11245 | D:10     | Found a staircase to the Lair.
 11308 | D:10     | Found a staircase to the Orcish Mines.
 11456 | D:10     | Found a hide-covered altar of Uskayaw.
 11461 | D:10     | Noticed a +0 dagger
 11461 | D:10     | Noticed a +0 dagger
 11469 | D:10     | Identified the +0 plate armour "Sofeix" {Harm Str+4 Int-5}
 11517 | D:10     | Reached skill level 10 in Dodging
 12000 | D:3      | Bought a fading hat for 153 gold pieces
 12000 | D:3      | Identified the +0 hat of Toisud {Drain rElec Regen+ Dex-5}
                  | (You bought it in a shop on level 3 of the Dungeon)
 12112 | D:3      | Killed Grinder
 12140 | D:2      | Killed Natasha
 12187 | D:2      | Noticed Natasha
 12191 | D:2      | Killed Natasha
 12603 | D:2      | Noticed Natasha
 12606 | D:2      | Killed Natasha
 12758 | Lair:1   | Entered Level 1 of the Lair of Beasts
 12948 | Lair:1   | Noticed a death yak
 12952 | Lair:1   | Noticed a death yak
 12957 | Lair:1   | Noticed a death yak
 12959 | Lair:1   | Noticed a death yak
 12961 | Lair:1   | Noticed a death yak
 12963 | Lair:1   | Killed a death yak
 13010 | D:10     | Killed a death yak
 13011 | D:10     | Reached XP level 13. HP: 26/72 MP: 19/19
 13491 | D:9      | Reached skill level 10 in Fighting
 13760 | Lair:1   | Found a burning altar of Makhleb.
 13812 | Lair:1   | Noticed a catoblepas
 13834 | Lair:1   | Killed a catoblepas
 14376 | Lair:2   | Found a dark tunnel.
 14474 | Lair:2   | HP: 1/73 [komodo dragon (29)]
 14530 | Lair:2   | Reached skill level 10 in Short Blades
 14623 | Lair:2   | Reached skill level 1 in Evocations
 14747 | Lair:2   | Identified the +7 hand crossbow of Focus {penet, Dex+7
                  | SInv}
 14981 | Lair:2   | Reached skill level 1 in Shields
 15026 | Volcano  | Entered a volcano
 15166 | Lair:2   | Noticed Harold
 15171 | Lair:2   | Killed Harold
 15321 | Lair:2   | Noticed a six-headed hydra
 15325 | Lair:2   | Killed a six-headed hydra
 15452 | D:7      | Bought a shiny troll leather armour for 450 gold pieces
 15698 | Lair:2   | Reached ***** piety under Hepliaklqana
 15738 | Lair:2   | Found a hole to the Spider Nest.
 15742 | Lair:2   | Reached skill level 5 in Shields
 16251 | Lair:3   | Reached skill level 1 in Armour
 16334 | Lair:3   | Noticed a five-headed hydra
 16337 | Lair:3   | Killed a five-headed hydra
 16431 | Lair:3   | Reached XP level 14. HP: 79/79 MP: 20/20
 16445 | Lair:3   | Found a staircase to the Shoals.
 18370 | Lair:5   | Entered Level 5 of the Lair of Beasts
 18508 | Lair:5   | Reached skill level 5 in Evocations
 18645 | Lair:5   | Reached XP level 15. HP: 79/86 MP: 21/21
 18711 | Lair:5   | Identified the +8 longbow "Fuoz" {antimagic, rN+ rCorr}
 18879 | Lair:5   | Found a corrupted altar of Lugonu.
 18881 | Lair:5   | Found a one-way gate to the infinite horrors of the Abyss.
 18884 | Lair:5   | Identified the ring of Zuni {rElec rPois rN+ Will+}
 19183 | Lair:5   | Learned a level 2 spell: Wereblood
 19188 | Lair:5   | Found a viscous altar of Jiyva.
 19245 | Lair:5   | Found a staircase to the Slime Pits.
 19350 | Lair:5   | Reached skill level 1 in Transmutations
 19513 | Lair:5   | Reached ****** piety under Hepliaklqana
 19700 | Orc:1    | Entered Level 1 of the Orcish Mines
 19883 | Orc:2    | Entered Level 2 of the Orcish Mines
 20709 | Orc:2    | Found a staircase to the Elven Halls.
 20865 | Orc:2    | Noticed an orc warlord
 20873 | Orc:2    | Killed an orc warlord
 21016 | Orc:2    | Noticed Nergalle
 21020 | Orc:2    | Killed Nergalle
 21032 | Orc:2    | Found an ancient bone altar of Kikubaaqudgha.
 21048 | Orc:2    | Noticed Erolcha
 21051 | Orc:2    | Killed Erolcha
 21057 | Orc:2    | Reached skill level 15 in Dodging
 21165 | Orc:2    | Found a radiant altar of Vehumet.
 21184 | Orc:2    | Found Qonwog Pove's Jewellery Shop.
 21243 | Orc:2    | Found Jiutiemas's Antique Armour Shop.
 21258 | Orc:2    | Found Cuger's Magic Scroll Boutique.
 21264 | Orc:2    | Bought a scroll of revelation for 90 gold pieces
 21264 | Orc:2    | Bought a scroll of teleportation for 36 gold pieces
 21264 | Orc:2    | Bought a scroll of blinking for 90 gold pieces
 21264 | Orc:2    | Bought a scroll of noise for 12 gold pieces
 21265 | Orc:2    | Bought a scroll of identify for 24 gold pieces
 21265 | Orc:2    | Bought a scroll of identify for 24 gold pieces
 21296 | Orc:2    | Found Osahun's Jewellery Boutique.
 21538 | Orc:2    | Bought an amulet of regeneration for 390 gold pieces
 21737 | D:11     | Noticed Fannar
 21742 | D:11     | Killed Fannar
 21854 | D:11     | Reached skill level 5 in Transmutations
 21949 | D:11     | Identified the +5 chain mail of Miracles {*Corrode rN++
                  | Int+4}
 22725 | D:12     | Reached XP level 16. HP: 95/95 MP: 22/22
 23337 | D:13     | Noticed Sonja
 23338 | D:13     | Sonja changed into Sonja the basilisk
 23338 | D:13     | Noticed Sonja
 23340 | D:13     | Killed Sonja the basilisk
 23565 | D:13     | Found a gate to the Vaults.
 23945 | D:13     | Identified the +5 chain mail "Resoer" {Harm rPois Regen+
                  | Stlth-}
 23969 | D:13     | Found a burning altar of Makhleb.
 23997 | D:13     | Got the Octavo of the Wendigo and Enchantment
 24615 | D:15     | Entered Level 15 of the Dungeon
 25452 | D:15     | Reached XP level 17. HP: 100/100 MP: 23/23
 25564 | D:15     | Found a staircase to the Depths.
 25817 | Shoals:1 | Entered Level 1 of the Shoals
 25966 | Shoals:1 | Identified the +2 dagger of Distraction {heavy, rElec rF+}
 26096 | Shoals:1 | Reached skill level 5 in Armour
 26368 | Shoals:1 | Found Ycankuhet's Antique Weapon Emporium.
 26558 | Shoals:1 | Reached skill level 15 in Fighting
 26872 | Shoals:2 | Reached skill level 10 in Invocations
 27264 | Shoals:2 | Found a transporter.
 27269 | Shoals:2 | Found a transporter.
 27657 | Shoals:3 | Found Pemev's Overcharged Wands.
 27761 | Shoals:3 | Reached skill level 10 in Stealth
 28249 | Shoals:4 | Entered Level 4 of the Shoals
 28624 | Shoals:4 | Identified the +0 leather armour "Atypt" {Dex+5}
 28754 | Shoals:4 | Reached XP level 18. HP: 103/108 MP: 25/25
 28944 | Shoals:4 | Noticed a kraken
 28953 | Shoals:4 | Killed a kraken
 29142 | Shoals:4 | Got a barnacled rune of Zot
 29326 | Shoals:4 | Found Qoen's Distillery.
 29334 | Shoals:4 | Learned a level 5 spell: Irradiate
 29339 | Shoals:4 | Bought a potion of haste for 130 gold pieces
 29339 | Shoals:4 | Bought a potion of heal wounds for 65 gold pieces
 29932 | Spider:1 | Entered Level 1 of the Spider Nest
 31727 | Spider:2 | Noticed Louise
 31736 | Spider:2 | Killed Louise
 31772 | Spider:2 | Reached XP level 19. HP: 112/112 MP: 26/26
 31782 | Spider:2 | Noticed Arachne
 31796 | Spider:2 | Killed Arachne
 31894 | Spider:2 | Identified a scroll of acquirement
 32466 | Spider:3 | Identified the +2 robe of the Slightly Bent {rPois rF-
                  | Int+4 SInv}
 33609 | Spider:4 | Entered Level 4 of the Spider Nest
 33985 | Spider:4 | Reached skill level 10 in Evocations
 34781 | Spider:4 | Got a gossamer rune of Zot
 34792 | Spider:4 | Identified the +1 hat of Okawaru's Envy {Str+3}
 35060 | Elf:1    | Entered Level 1 of the Elven Halls
 35109 | Elf:1    | Reached XP level 20. HP: 120/120 MP: 27/27
 35122 | Elf:1    | Noticed a Brimstone Fiend
 35163 | Elf:1    | Found a radiant altar of Vehumet.
 35180 | Elf:1    | Paralysed by an air elemental for 1 turns
 35570 | Elf:1    | Found Deek's Weapon Emporium.
 35621 | Elf:1    | Noticed Kirke
 35631 | Elf:1    | Killed Kirke
 35658 | Elf:1    | Found a runed translucent gate.
 35659 | Elf:1    | Found a runed translucent gate.
 35660 | Elf:1    | Found a runed translucent gate.
 35666 | Elf:1    | Noticed knightboat's ghost (journeyman NaVM)
 35805 | Elf:1    | Noticed Zenata
 35816 | Elf:1    | Killed Zenata
 36020 | Elf:1    | Identified the staff "Odumm" {+Blink rElec rN+ Dex+2 Necro}
 36101 | Elf:1    | Learned a level 3 spell: Ozocubu's Armour
 36442 | Elf:2    | Identified the +2 war axe "Jeat" {protect, Fly Stlth+}
 36642 | Elf:2    | Found Jeop's Assorted Antiques.
 36825 | Elf:3    | Entered Level 3 of the Elven Halls
 37112 | Elf:2    | Found a huge runed translucent gate.
 37112 | Elf:2    | Found a huge runed translucent gate.
 37113 | Elf:2    | Found a huge runed translucent gate.
 37203 | Elf:2    | Bought a scroll of fear for 164 gold pieces
 37213 | Elf:2    | Identified the +3 mace of Disharmony {pain, rPois rF-
                  | Dex+3}
 37308 | Elf:2    | Found a huge runed translucent gate.
 37308 | Elf:2    | Found a huge runed translucent gate.
 37431 | Elf:3    | Found Aleulag's Book Shop.
 37566 | Elf:3    | Reached XP level 21. HP: 129/129 MP: 28/28
 37939 | Elf:3    | Identified the +10 mace of Grim Cruel Justice {holy, rC+
                  | MP+9 Str-4}
 37977 | Elf:3    | Identified the staff of Unreason {Str+2 Conj Earth}
 37998 | Elf:3    | Identified the staff of Past Mistakes {rPois rC+ Poison}
 38000 | Elf:3    | Got the Atlas of the Hiemal Tesseract
 38002 | Elf:3    | Got the Tome of Malignant Deeds
 39066 | Vaults:1 | Entered Level 1 of the Vaults
 39091 | Vaults:1 | Identified the +1 pair of gloves "Fuwiohia" {Regen+ Int-4
                  | Slay-6 Stlth+}
 39091 | Vaults:1 | Noticed Nikola
 39099 | Vaults:1 | Killed Nikola
 39372 | Vaults:1 | Identified the +5 kite shield of Meager Amelioration {rPois
                  | Regen+ Str+3 SInv}
 39372 | Vaults:1 | Noticed Donald
 39385 | Vaults:1 | Killed Donald
 39596 | Vaults:1 | Reached skill level 10 in Shields
 40096 | Vaults:1 | Reached XP level 22. HP: 139/139 MP: 29/29
 40621 | Vaults:2 | Noticed Aizul
 40626 | Vaults:2 | Killed Aizul
 40964 | Vaults:2 | Noticed Bai Suzhen
 40974 | Vaults:2 | Killed Bai Suzhen
 41684 | Vaults:3 | Noticed Boris
 41695 | Vaults:3 | Killed Boris
 41721 | Vaults:3 | Found a magical portal.
 41735 | WizLab   | Entered Maxwell's Workshop
 41834 | WizLab   | Identified the ring "Jiaviomm" {Ice Dex+4}
 41836 | WizLab   | Identified the ring of Knowledge {Fire Int+4}
 41871 | WizLab   | Acquired a manual of Ranged Weapons
 41971 | WizLab   | Reached skill level 19 in Ranged Weapons
 41989 | WizLab   | Reached XP level 23. HP: 129/145 MP: 30/30
 42058 | WizLab   | Reached skill level 20 in Ranged Weapons
 42492 | Vaults:3 | Found Remonuimm's Armour Shoppe.
 42754 | Vaults:3 | Reached skill level 21 in Ranged Weapons
 43091 | Vaults:3 | Found a staircase to the Crypt.
 43265 | Vaults:3 | Identified the +0 pair of gloves "Ydoxkepn" {rC+ Int+2
                  | Slay+2}
 43342 | Vaults:3 | Reached skill level 15 in Stealth
 43479 | Vaults:3 | Identified the +1 chain mail of Absence {Str+3}
 43651 | Vaults:3 | Reached skill level 22 in Ranged Weapons
 44301 | Vaults:4 | Reached skill level 23 in Ranged Weapons
 44509 | Vaults:4 | Noticed Margery
 44516 | Vaults:4 | Killed Margery
 44518 | Vaults:4 | Found Weorgh's Assorted Antiques.
 44526 | Vaults:4 | Bought a scroll of blinking for 300 gold pieces
 44962 | Vaults:4 | Reached skill level 24 in Ranged Weapons
 45396 | Vaults:4 | Reached XP level 24. HP: 151/151 MP: 30/30
 45410 | Vaults:4 | Identified the +10 whip of Bixyev {vamp, rN+ Will- Dex+7}
 45411 | Vaults:4 | Identified the +6 whip "Ocvodui" {speed, Fly}
 45612 | Vaults:5 | Entered Level 5 of the Vaults
 45780 | Vaults:4 | Reached skill level 1 in Ice Magic
 46110 | Vaults:5 | Noticed a golden dragon
 46121 | Vaults:5 | Reached skill level 5 in Ice Magic
 46126 | Vaults:4 | Killed a golden dragon
 46169 | Vaults:5 | Noticed a dread lich
 46287 | Vaults:4 | Killed a dread lich
 46577 | Vaults:5 | Identified the ring "Ecibieno" {Ice Int-5 Dex+8}
 46683 | Vaults:5 | Noticed a golden dragon
 46685 | Vaults:5 | Identified the ring of Zurroneo {Fly rF- rCorr Int+5 Dex+6}
 46686 | Vaults:5 | Killed a golden dragon
 46752 | Vaults:5 | Identified the ring "Zahylie" {Fire Will+ Int+3}
 46982 | Vaults:5 | Found the +15 Maxwell's patent armour {-Cast -Tele rElec
                  | Will+ rCorr}
 47178 | Vaults:5 | Noticed a golden dragon
 47186 | Vaults:5 | Killed a golden dragon
 47187 | Vaults:5 | Reached XP level 25. HP: 158/158 MP: 30/30
 47461 | Vaults:5 | Identified the ring "Moamn" {+Blink rPois rF+ Will- Stlth+}
 47476 | Vaults:5 | Identified the ring of Ceoh {rC+ Int+3 Dex+4}
 47598 | Vaults:5 | Found the dreamshard necklace {Acrobat *Dream}
 47673 | Vaults:5 | Identified the +3 leather armour of the Holding Gods
                  | {Str+3}
 47759 | Vaults:5 | Got a silver rune of Zot
 47923 | Vaults:5 | Found the +8 demon trident "Rift" {distort, reach+}
 48132 | Depths:1 | Entered Level 1 of the Depths
 48298 | Depths:1 | Found a one-way gate leading to the halls of Pandemonium.
 48357 | Depths:1 | Noticed Saint Roka
 48370 | Depths:1 | Killed Saint Roka
 48487 | Depths:1 | Found a basalt altar of Yredelemnul.
 48699 | Depths:1 | Reached skill level 15 in Evocations
 48726 | Depths:1 | Noticed an ancient lich
 48727 | Depths:1 | Found a one-way gateway to a ziggurat.
 48740 | Depths:1 | Killed an ancient lich
 49020 | Depths:1 | Found a gateway to Hell.
 49655 | Depths:2 | Reached skill level 25 in Ranged Weapons
 49816 | Depths:2 | Identified the +1 robe of Icafreul {rN+}
 50063 | Depths:2 | Learned a level 3 spell: Portal Projectile
 50231 | Depths:2 | Reached skill level 1 in Hexes
 50231 | Depths:2 | Reached skill level 1 in Translocations
 50566 | Depths:2 | Found a transporter.
 50571 | Depths:2 | Found a transporter.
 50595 | Depths:2 | Found a transporter.
 50596 | Depths:2 | Found a transporter.
 50645 | Depths:2 | Reached XP level 26. HP: 159/163 MP: 31/31
 50845 | Depths:3 | Reached skill level 26 in Ranged Weapons
 51226 | Depths:3 | Noticed a shard shrike
 51230 | Depths:3 | Killed a shard shrike
 51699 | Depths:3 | Reached skill level 5 in Hexes
 51711 | Depths:3 | Reached skill level 5 in Translocations
 52102 | Depths:4 | Entered Level 4 of the Depths
 52134 | Depths:4 | Reached skill level 27 in Ranged Weapons
 52606 | Depths:4 | Noticed Frederick
 52611 | Depths:4 | Killed Frederick
 52772 | Depths:4 | Identified the +7 falchion of the Spheres {heavy, rElec rF-
                  | MP+9}
 53187 | Depths:4 | Reached XP level 27. HP: 169/169 MP: 31/31
 53194 | Depths:4 | Learned a level 6 spell: Death Channel
 53196 | Depths:4 | Found a runed translucent door.
 53196 | Depths:4 | Found a runed translucent door.
 53210 | Depths:4 | Found a gate to the Realm of Zot.
 53267 | Depths:4 | Found a runed translucent door.
 53267 | Depths:4 | Found a runed translucent door.
 53287 | Depths:4 | Found a runed translucent door.
 53344 | Depths:4 | Found a runed translucent door.
 53869 | Zot:1    | Entered Level 1 of the Realm of Zot
 54411 | Depths:4 | Reached skill level 1 in Conjurations
 54680 | Zot:1    | Noticed Parghit
 54701 | Zot:1    | Killed Parghit
 55008 | Zot:1    | Identified the +6 trident "Guastr Ponu" {protect, Str+3}
 55209 | Zot:2    | Noticed an orb of fire
 55222 | Zot:2    | Killed an orb of fire
 55223 | Zot:2    | Reached skill level 5 in Conjurations
 55381 | Zot:2    | Identified the +0 plate armour of Untruth {Drain Str+7}
 57175 | Elf:3    | Bought the Folio of the Valley and the Dose for 336 gold
                  | pieces
 57178 | Elf:3    | Learned a level 2 spell: Passwall
 57780 | Zot:3    | Reached skill level 1 in Earth Magic
 57853 | Zot:3    | Noticed an orb of fire
 57860 | Zot:3    | Killed an orb of fire
 58242 | Zot:3    | Noticed an orb of fire
 58252 | Zot:3    | Gained mutation: You are clumsy. (Dex -2) [an orb of fire]
 58255 | Zot:3    | Gained mutation: You occasionally lose the ability to drink
                  | potions when taking damage. [an orb of fire]
 58258 | Zot:3    | Killed an orb of fire
 58367 | Zot:3    | Lost mutation: You are clumsy. (Dex -2) [potion of
                  | mutation]
 58367 | Zot:3    | Lost mutation: You occasionally lose the ability to drink
                  | potions when taking damage. [potion of mutation]
 58367 | Zot:3    | Gained mutation: You do not regenerate when monsters are
                  | visible. [potion of mutation]
 58367 | Zot:3    | Gained mutation: You passively map a small area around you.
                  | [potion of mutation]
 58367 | Zot:3    | Gained mutation: You have sharp toenails. [potion of
                  | mutation]
 58368 | Zot:3    | Lost mutation: You have sharp toenails. [potion of
                  | mutation]
 58368 | Zot:3    | Lost mutation: You do not regenerate when monsters are
                  | visible. [potion of mutation]
 58368 | Zot:3    | Gained mutation: Armour fits poorly on your strangely
                  | shaped body. [potion of mutation]
 58376 | Zot:3    | Reached skill level 10 in Conjurations
 58725 | Zot:3    | Reached skill level 5 in Earth Magic
 58910 | Zot:3    | Reached skill level 10 in Transmutations
 61508 | Zot:5    | Entered Level 5 of the Realm of Zot
 62474 | Zot:5    | Found a hide-covered altar of Uskayaw.
 62911 | Zot:5    | Noticed an orb of fire
 62911 | Zot:5    | Noticed a dread lich
 62914 | Zot:5    | Noticed an orb of fire
 62917 | Zot:5    | Killed an orb of fire
 62917 | Zot:5    | Noticed an ancient lich
 62918 | Zot:5    | Killed a dread lich
 62918 | Zot:5    | Noticed an orb of fire
 62919 | Zot:5    | Noticed an orb of fire
 62919 | Zot:5    | Noticed an orb of fire
 62919 | Zot:5    | Gained mutation: You have hidden genetic defects. [an orb
                  | of fire]
 62923 | Zot:5    | Noticed an orb of fire
 62926 | Zot:5    | Killed an orb of fire
 62926 | Zot:5    | Noticed a Killer Klown
 62927 | Zot:5    | Killed an orb of fire
 62928 | Zot:5    | Killed an ancient lich
 62929 | Zot:5    | Killed an orb of fire
 62929 | Zot:5    | Noticed a dread lich
 62931 | Zot:5    | Noticed a Killer Klown
 62932 | Zot:5    | Killed an orb of fire
 62934 | Zot:5    | Killed a dread lich
 62935 | Zot:5    | Killed an orb of fire
 62937 | Zot:5    | Killed a Killer Klown
 62939 | Zot:5    | a Killer Klown changed into a caustic shrike
 62940 | Zot:5    | Noticed an ancient lich
 62942 | Zot:5    | Killed an ancient lich
 62942 | Zot:5    | Noticed a Killer Klown
 62949 | Zot:5    | Gained mutation: You occasionally shout uncontrollably at
                  | your foes. [hidden defects]
 62954 | Zot:5    | Killed a Killer Klown
 63200 | Zot:5    | Noticed a Killer Klown
 63211 | Zot:5    | Killed a Killer Klown
 63352 | Zot:5    | Gained mutation: You have terrible hidden genetic defects.
                  | [hidden defects]
 63352 | Zot:5    | Lost mutation: You have terrible hidden genetic defects.
                  | [hidden defects expressed]
 63571 | Zot:5    | Got the Orb of Zot
 63748 | Zot:1    | Noticed Vuecvuko the pandemonium lord
 64020 | D:12     | Noticed Quraom the pandemonium lord
 64248 | D:$      | Escaped with the Orb!

Illustrated notes

Levels and vault maps discovered:
D:1:      wander_arrival_peaceful_grave, layout_loops_cross,
          nicolae_houndstooth_variations
D:2:      layout_basic, uniq_natasha
D:3:      layout_loops_ring, serial_shops, nicolae_shop_behind_doors,
          st_stairs_2, uniq_grinder
D:4:      minmay_recursive_quarters, layout_rooms,
          chequers_temple_overflow_statue_of_worship,
          mainiacjoe_overflow_catwalk_spiral, temple_fountains, uniq_eustachio
D:5:      layout_cave_pools, mainiacjoe_overflow_cross_hatched
D:6:      layout_basic, slow_altar_2, minmay_misc_feat_roman,
          minmay_misc_feat_plants
D:7:      layout_basic, nicolae_overflow_two_pavilions, serial_shops,
          nicolae_shop_getting_attention, nicolae_shop_hallway_plus,
          nicolae_shop_behind_doors
D:8:      layout_basic, dk_noncrumbling_3, uniq_grum
D:9:      nicolae_cairo_tiling_large, layout_loops_ring,
          grunt_temple_overflow_magic_moments, kennysheep_diamond, st_stairs_3,
          minmay_guarded_unrand_staff_of_olgreb, uniq_erica, uniq_maurice
D:10:     layout_cave_pools, dancing_weapons_uskayaw, minmay_lair_entry_grove,
          zombieorc1_lemuel, enter_bailey_3
D:11:     layout_basic, uniq_fannar
D:12:     layout_roguey, introduction_to_nature_2, uniq_jorgrun
D:13:     evilmike_makhleb_hellhole, layout_basic,
          skrybe_vaults_entry_preservation, minmay_guarded_unrand_skullcrusher,
          uniq_sonja
D:14:     layout_cross, solitary_fountain
D:15:     hangedman_depths_entry_try_elsewhere_first, layout_long_grid,
          corexii_leaking_fountain
Lair:1:   layout_gridlike, basic_altar, lemuel_fruit_fields
Lair:2:   lemuel_reptile_caves, layout_gridlike, spider_nest_entry_rubble,
          nicolae_volcano_entry_two_sided, serial_bayou_shore_b,
          grunt_megastairs_2, uniq_harold
Lair:3:   layout_cave_shapes, nicolae_shoals_entry_roost
Lair:4:   layout_regular_city, serial_rivers, chequers_serial_rivers_large_a,
          chequers_serial_rivers_micro_a, chequers_serial_rivers_large_b,
          chequers_serial_rivers_micro_e, chequers_serial_rivers_micro_c,
          chequers_serial_rivers_small_3, serial_bayou_lagoon_b
Lair:5:   hellmonk_lair_end_abyssal_woods, layout_cave_pods, slime_entry_1
Shoals:1: layout_shoals, serial_shops, nicolae_shop_hallway_plus
Shoals:2: layout_shoals, gammafunk_ghost_wrathful_warriors
Shoals:3: layout_shoals, nicolae_shop_overcharged_wands
Shoals:4: shoals_end_hangedman, layout_shoals, serial_shops,
          nicolae_shop_window_shopping
Spider:1: layout_chambers
Spider:2: layout_spider_delve, guppyfry_spider_mini_3, uniq_arachne, uniq_louise
Spider:3: layout_chambers
Spider:4: grunt_spider_rune_circles
Orc:1:    layout_caves, minmay_orc_keep
Orc:2:    kennysheep_orc_mage_school, layout_caves, nicolae_orc_stony_grotto,
          nooodl_orcs_dogs
Elf:1:    eino_elf_arrival_altar, layout_geoelf_diagonals,
          gammafunk_ghost_tricky_traps, serial_shops,
          nicolae_shop_bloodbath_and_beyond, kennysheep_underground_church,
          uniq_kirke, uniq_zenata
Elf:2:    elven_hall_of_blades_hangedman_alternative
          [nicolae_blade_entry_pointy_end], layout_gridlike, serial_shops,
          nicolae_stop_n_shop_1, grunt_megastairs_1
Elf:3:    elf_hall, layout_loops_corners, serial_shops,
          nicolae_shop_hallway_stairs
Vaults:1: vaults_room_stairs_pillars, nicolae_vaults_meiosis,
          nicolae_vaults_ring_of_whatevers, nicolae_vaults_sightless_eye,
          nicolae_vaults_circle_grid_b, v_misc_10, vaults_mumra_minichess,
          nicolae_vaults_tetromino_T_2, v_alt_pattern_5, layout_vaults_omnibox,
          uniq_nikola, uniq_donald
Vaults:2: nicolae_vaults_trapezoid_lopsided_2, v_pattern_2, vaults_room_corners,
          nicolae_vaults_cochlea, v_alt_pattern_2,
          nicolae_vaults_trapezoid_lopsided_2, vaults_mumra_hex,
          nicolae_vaults_c_with_doors, hangedman_vaults_pinch,
          nicolae_vaults_offset_grid_hallway_4, nicolae_vaults_two_Ls,
          v_misc_23, ontoclasm_vaults_gateway, grunt_vaults_hallway_short,
          layout_vaults_ring, uniq_bai_suzhen, uniq_aizul
Vaults:3: mu_enter_wizlab_4, ontoclasm_vaults_shuriken,
          nicolae_vaults_storage_closets_2, nicolae_vaults_cochlea,
          minmay_crypt_entry_simple_box, nicolae_vaults_ring_of_whatevers,
          nicolae_vaults_variable_pillar_hall, nicolae_vaults_sealed_display,
          ontoclasm_vaults_spin, nicolae_vaults_display_case,
          nicolae_vaults_storage_closets_1, layout_vaults_omnicross,
          serial_shops, nicolae_shop_behind_doors, uniq_boris
Vaults:4: nicolae_vaults_network_quincunx
          [nicolae_vaults_network_quincunx_subvault,
          nicolae_vaults_network_quincunx_subvault,
          nicolae_vaults_network_quincunx_subvault,
          nicolae_vaults_network_quincunx_subvault,
          nicolae_vaults_network_quincunx_subvault], vaults_room_corners,
          v_misc_17, v_rooms_5, nicolae_vaults_more_shelving_1,
          nicolae_vaults_layer_cake_slice, nicolae_vaults_closet_pinwheel_4,
          nicolae_vaults_windows_and_doors_thing,
          nicolae_vaults_little_squares_3,
          nicolae_vaults_storing_the_good_stuff, nicolae_vaults_double_plus_1,
          layout_vaults_chaotic_city, serial_shops,
          nicolae_shop_window_shopping, uniq_margery
Vaults:5: serial_shops
Depths:1: layout_gridlike, enter_ziggurat_d, pan_entry, hellmouth_2,
          kennysheep_big_empty_room, yredelemnul_forgotten_temple_becter,
          uniq_saint_roka
Depths:2: grunt_x_marks_the_spot, layout_basic, minmay_misc_feat_five,
          grunt_pan_entry_in_and_out, hangedman_coc_ice_floe,
          serial_sigils_hangedman_carve, hangedman_decor_growths,
          nicolae_diode_quadrants
Depths:3: hangedman_crystal_crosses_colossus [crystal_crosses_arms_four,
          crystal_crosses_arms_four, crystal_crosses_arms_two,
          crystal_crosses_arms_one], abyss_entry, hell_entry
Depths:4: evilmike_zot_entry_castle, layout_basic, minmay_misc_feat_tiny,
          pf_vacation_house_of_asmodeus, drop_trap, uniq_frederick
Zot:1:    layout_onion_interference, uniq_parghit
Zot:2:    layout_concentric_octagons
Zot:3:    layout_cathedral_of_symmetry
Zot:4:    lemuel_acid_trip, layout_onion_interference
Zot:5:    layout_twisted_circle, basic_altar, skrybe_zot_glass_2

Skill      XL: |  1  2  3  4  5  6  7  8  9 10 11 12 13 14 15 16 17 18 19 20 21 22 23 24 25 26 27 |
---------------+----------------------------------------------------------------------------------+-----
Stealth        | 2 3 4 5 6 7 9 10 14 17 18 19 | 19.0
Ranged Weapons | 6 7 8 9 11 15 18 19 24 25 27 | 27.0
Short Blades   | 2 5 6 10 | 10.0
Dodging        | 3 4 7 10 11 13 15 16 18 20 22 23 25 | 25.6
Fighting       | 3 6 9 10 12 14 15 16 17 19 21 22 23 26 | 26.0
Invocations    | 1 6 8 9 10 11 | 11.0
Evocations     | 1 5 6 9 11 14 16 17 18 | 18.0
Shields        | 5 6 10 13 | 13.1
Armour         | 1 3 4 5 |  5.5
Transmutations | 6 8 9 12 | 12.0
Ice Magic      | 8 |  8.0
Spellcasting   | 2 4 |  4.0
Hexes          | 2 5 |  5.0
Translocations | 2 5 |  5.0
Conjurations   | 10 | 10.0
Earth Magic    | 5 |  5.0

Action                     |  1- 3 |  4- 6 |  7- 9 | 10-12 | 13-15 | 16-18 | 19-21 | 22-24 | 25-27 || total
---------------------------+-------+-------+-------+-------+-------+-------+-------+-------+-------++-------
  Melee: Dagger            |       |    11 |    71 |   113 |    63 |     1 |       |       |     4 ||   263
         Punch             |       |       |     4 |     2 |     2 |       |       |       |       ||     8
   Fire: Shortbow          |    45 |   222 |   121 |       |       |       |       |       |       ||   388
         Orcbow            |       |       |   120 |   469 |   137 |       |       |       |       ||   726
         Hand crossbow     |       |       |       |       |   690 |   928 |   978 |  1031 |  1491 ||  5118
  Throw: Dart              |       |       |     1 |       |       |       |       |       |       ||     1
         Throwing net      |       |       |       |     1 |       |       |       |       |       ||     1
   Cast: Wereblood         |       |       |       |       |       |    12 |     6 |    12 |    20 ||    50
         Ozocubu's Armour  |       |       |       |       |       |       |       |     3 |     4 ||     7
         Irradiate         |       |       |       |       |       |       |       |       |     3 ||     3
         Passwall          |       |       |       |       |       |       |       |       |     1 ||     1
 Invoke: Recall Ancestor   |       |       |     1 |     5 |     6 |     1 |     1 |     2 |     8 ||    24
         Ancestor Life: Kn |       |       |     1 |       |       |       |       |       |       ||     1
         Idealise          |       |       |       |     1 |       |     2 |     3 |       |    11 ||    17
         Transference      |       |       |       |       |       |     1 |       |       |       ||     1
  Evoke: Wand              |       |       |       |       |     1 |     3 |       |     2 |     4 ||    10
         Tin of tremorston |       |       |       |       |       |       |       |       |     4 ||     4
         Phantom mirror    |       |       |       |       |       |       |       |       |     1 ||     1
    Use: Scroll            |       |     1 |     5 |     5 |    10 |     5 |     6 |     4 |     7 ||    43
         Potion            |       |       |       |       |     1 |       |       |       |     7 ||     8
   Stab: Distracted        |       |       |     1 |     3 |     1 |       |       |       |       ||     5
         Sleeping          |       |       |     1 |     4 |     1 |       |       |       |     4 ||    10
         Fleeing           |       |       |       |       |     1 |       |       |       |       ||     1
         Paralysed         |       |       |       |       |       |     1 |       |       |       ||     1
 Armour: Leather armour    |     6 |    35 |    32 |    10 |       |       |       |       |       ||    83
         Robe              |       |       |       |    15 |    12 |       |    18 |    63 |    62 ||   170
         Troll leather arm |       |       |       |       |    27 |    85 |    37 |       |       ||   149
  Dodge: Dodged            |     7 |   102 |   122 |   228 |   375 |   518 |   472 |   566 |   802 ||  3192
  Block: Buckler           |       |       |       |       |   134 |   183 |   151 |   266 |   294 ||  1028

Table legend: (Time is in decaauts)
 A = Elapsed time spent in this place.
 B = Non-inter-level travel time spent in this place.
 C = Inter-level travel time spent in this place.
 D = Time resting spent in this place.
 E = Time spent auto-exploring this place.
 F = Levels seen in this place.
 G = Mean time per level.
                   A        B        C        D        E       F      G
               +--------+--------+--------+--------+--------+-----+--------+
         Total |  64946 |  58626 |   6320 |   7620 |  39932 |  49 | 1325.4 |
       Dungeon |  18581 |  16219 |   2362 |   3040 |  10234 |  15 | 1238.7 |
          Lair |   6340 |   5774 |    566 |    204 |   4406 |   5 | 1268.0 |
        Shoals |   4521 |   4302 |    219 |    223 |   3331 |   4 | 1130.2 |
   Spider Nest |   5036 |   4836 |    200 |    562 |   3409 |   4 | 1259.0 |
  Orcish Mines |   2380 |   1827 |    553 |    138 |   1371 |   2 | 1190.0 |
   Elven Halls |   4029 |   3486 |    543 |    232 |   2523 |   3 | 1343.0 |
        Vaults |   8623 |   8011 |    612 |    731 |   5403 |   5 | 1724.6 |
        Depths |   7175 |   6297 |    878 |    770 |   4425 |   4 | 1793.8 |
           Zot |   7638 |   7256 |    382 |   1719 |   4470 |   5 | 1527.6 |
       Volcano |     82 |     82 |      0 |      0 |      2 |   1 |   82.0 |
        Wizlab |    537 |    537 |      0 |      0 |    357 |   1 |  537.0 |
               +--------+--------+--------+--------+--------+-----+--------+

Top non-repeatable levels by time:
Depths:4: 2742 daAuts
Vaults:4: 2400 daAuts
   Zot:4: 2098 daAuts
   Zot:3: 1915 daAuts
  Lair:2: 1767 daAuts
     D:2: 1766 daAuts
Vaults:5: 1748 daAuts
Spider:1: 1726 daAuts
   Elf:3: 1723 daAuts
Vaults:3: 1719 daAuts
     D:9: 1684 daAuts
    D:10: 1662 daAuts
    D:13: 1640 daAuts
   Orc:2: 1631 daAuts
   Zot:2: 1623 daAuts
